Map: Ruins of Seras

Players

yogioh

  • Race: Terran Terran
  • League: Gold

Bagain - Winner!

  • Race: Protoss Protoss
  • League: Gold

VOD

Have the link to the VOD?

Description

Time

  • Played on: Feb. 12, 2016, 10:44 a.m.
  • Length: 10:26
Show
View Real Time Build Order
Export as new Build Order

yogioh Terran 

Build Orders: Cyclone Opening 

Get SALT Encoding   

  12  0:01  SCV  
  13  0:13  SCV  
  14  0:19  Supply Depot  
  14  0:25  SCV  
  15  0:32  Refinery  
  15  0:41  SCV  
  16  0:47  Barracks  
  16  0:53  SCV  
  17  1:05  SCV  
  18  1:19  SCV  
  19  1:34  Orbital Command  
  19  1:38  Supply Depot  
  19  1:39  Marine  
  20  1:40  Factory  
  20  1:57  Refinery  
  20  1:59  Marine  
  22  2:01  SCV  
  22  2:13  SCV  
  23  2:23  Barracks Reactor  
  23  2:26  Factory Tech Lab  
  23  2:30  SCV  
  24  2:41  Command Center  
  24  2:42  SCV  
  25  2:48  Cyclone  
  28  2:54  SCV  
  28  2:57  Supply Depot  
  29  3:04  Marine x2  
  31  3:19  SCV  
  32  3:20  Supply Depot  
  32  3:22  Cyclone  
  32  3:23  Marine  
  32  3:25  Marine  
  37  3:41  Marine  
  37  3:43  Marine, SCV  
  37  3:47  Supply Depot  
  40  3:55  Starport  
  40  4:01  Marine x2  
  42  4:12  Bunker  
  42  4:20  Marine x2  
  42  4:23  Cyclone  
  47  4:24  SCV  
  47  4:37  SCV  
  48  4:40  Marine x2  
  48  4:44  Orbital Command  
  50  4:49  SCV  
  50  4:52  Barracks  
  51  4:55  Starport Reactor  
  51  4:57  Marine  
  51  4:58  Marine  
  53  5:01  SCV  
  53  5:02  Cyclone  
  57  5:13  SCV  
  58  5:15  Marine  
  58  5:31  Marine  
  58  5:32  SCV  
  58  5:33  Marine  
  58  5:35  Cyclone  
  64  5:44  SCV  
  64  5:45  Barracks Tech Lab  
  64  5:47  SCV  
  64  5:48  Marine  
  64  5:49  Engineering Bay  
  64  5:50  Supply Depot  
  64  5:51  Marine  
  52  6:06  Marine  
  52  6:08  SCV  
  52  6:15  Cyclone  
  55  6:20  SCV  
  53  6:29  Refinery  
  53  6:30  Marine x2  
  53  6:31  Marine  
  53  6:32  SCV, Stimpack  
  57  6:41  Barracks  
  57  6:44  SCV  
  57  6:45  Barracks  
  58  6:47  Marine  
  58  6:48  Marine, Refinery  
  58  6:49  Marine  
  58  6:51  Missile Turret  
  61  6:55  Medivac, SCV  
  61  6:56  SCV  
  61  6:58  Missile Turret  
  61  7:01  Medivac  
  67  7:05  Marine x2  
  67  7:07  SCV  
  70  7:08  SCV  
  63  7:19  SCV  
  59  7:27  SCV  
  60  7:32  Marine x3  
  60  7:33  Barracks Reactor  
  60  7:34  Medivac  
  65  7:39  SCV  
  65  7:40  Cyclone  
  69  7:49  Marine  
  69  7:50  Marine  
  71  7:51  SCV  
  71  7:57  Supply Depot  
  72  8:00  SCV  
  72  8:03  SCV  
  74  8:13  Cyclone  
  76  8:30  Marine x6  
  83  8:34  SCV  
  83  8:35  Medivac  
  85  8:43  Barracks  
  85  8:45  Barracks  
  85  8:46  SCV  
  86  8:49  Supply Depot  
  86  8:51  Marine x6, SCV  
  93  9:03  SCV  
  94  9:10  Marine x3, Medivac, Cyclone  
  94  9:15  Supply Depot  
  94  9:16  Marine  
  102  9:18  Command Center  
  102  9:19  Marine x2  
  89  9:28  Marine x3  
  79  9:34  Marine  
  76  9:39  Marine  
  76  9:40  Marine x3  
  76  9:43  Cyclone  
  71  9:46  Marine  
  69  9:59  SCV  
  64  10:00  Marine x6  
  64  10:01  Marine  
  64  10:04  Marine  
  60  10:11  SCV  
Show
View Real Time Build Order
Export as new Build Order

Bagain Protoss - Winner!

Build Orders:  

Get SALT Encoding   

  12  0:01  Probe (Chrono Boost)  
  13  0:12  Probe (Chrono Boost)  
  14  0:18  Pylon  
  14  0:24  Probe (Chrono Boost)  
  15  0:37  Probe (Chrono Boost)  
  15  0:40  Gateway  
  16  0:46  Assimilator  
  16  0:49  Probe (Chrono Boost)  
  17  1:00  Probe (Chrono Boost)  
  18  1:08  Pylon  
  18  1:11  Probe (Chrono Boost)  
  19  1:21  Probe (Chrono Boost)  
  20  1:29  Cybernetics Core  
  20  1:34  Probe (Chrono Boost)  
  21  1:47  Probe (Chrono Boost)  
  22  1:56  Nexus  
  22  2:05  Probe (Chrono Boost)  
  22  2:07  Assimilator  
  23  2:08  Warp Gate  
  22  2:23  Pylon  
  22  2:28  Probe (Chrono Boost)  
  23  2:33  Gateway  
  23  2:39  Mothership Core (Chrono Boost)  
  25  2:45  Stalker  
  27  2:57  Pylon  
  27  3:08  Assimilator  
  27  3:09  Probe x2 (Chrono Boost)  
  29  3:15  Adept  
  33  3:20  Probe x2 (Chrono Boost)  
  33  3:30  Probe x2 (Chrono Boost)  
  35  3:35  Forge  
  35  3:41  Adept, Probe x2 (Chrono Boost)  
  39  3:51  Sentry, Probe x2 (Chrono Boost)  
  43  4:02  Probe x2 (Chrono Boost)  
  45  4:03  Gateway  
  45  4:07  Gateway  
  45  4:12  Probe x2 (Chrono Boost)  
  47  4:17  Pylon  
  47  4:26  Probe x2 (Chrono Boost)  
  49  4:34  Robotics Facility  
  49  4:36  Twilight Council  
  49  4:37  Probe (Chrono Boost)  
  49  4:51  Pylon  
  49  4:55  Pylon  
  45  5:01  Adept x2  
  45  5:02  Adept x2  
  41  5:22  Adept x4  
  43  5:31  Mothership Core (Chrono Boost)  
  45  5:41  Immortal (Chrono Boost)  
  45  5:45  Adept x2  
  45  5:46  Adept x2  
  37  6:01  Probe  
  37  6:03  Probe  
  36  6:12  Probe  
  36  6:15  Probe  
  38  6:22  Probe  
  38  6:25  Adept x4  
  47  6:27  Probe  
  47  6:32  Mothership Core  
  50  6:46  Adept x4  
  58  6:50  Probe (Chrono Boost)  
  58  6:53  Probe (Chrono Boost)  
  61  6:54  Observer (Chrono Boost)  
  61  7:02  Probe (Chrono Boost)  
  58  7:22  Adept x4  
  46  7:31  Probe (Chrono Boost)  
  46  7:32  Probe (Chrono Boost)  
  48  7:39  Gateway, Resonating Glaives (Chrono Boost)  
  48  7:40  Probe  
  48  7:42  Probe  
  50  7:44  Adept x3  
  56  7:52  Probe  
  56  7:54  Probe  
  58  7:59  Adept  
  58  8:05  Adept x3  
  62  8:08  Probe  
  62  8:10  Probe  
  68  8:23  Adept  
  70  8:30  Adept x3  
  75  8:44  Stalker  
  75  8:45  Stalker  
  79  8:51  Stalker x3, Probe  
  86  9:02  Pylon  
  86  9:06  Pylon  
  70  9:25  Adept x4  
  70  9:26  Adept  
  71  9:47  Adept x4  
  71  9:48  Adept  
  69  10:20  Stalker x2  
Tags
 
League
GoldGold
Matchup
PvT
Replay Pack
rep
Add a new tag
Caveats
  • Supply blocks, unpowered buildings, or Contaminate may cause inaccurate times.
  • Supply counts are checked every 10 seconds.